AoeStats
← giussepearteaga

Hill Fort

504148996Analyzed
4v4 RM · 27d ago on Sep 4, 2026· 58m 25s· 8 players
Game mode
Random Map
Map size
Large (8 player)
Population
200
Speed
Normal
Resources
Standard
Victory
Conquest
Starting age
Dark Age
Ending age
Imperial Age
RankedLock teamsTeams togetherTeam positionsShared explorationLock speedFull tech treeHidden civsTurbo modeCheats
Victory
Defeat
🇨🇴 Khmer · Colombia
837
+10
🇨🇱 Teutons · Chile
790
+12
🇻🇪 Gurjaras · Venezuela
584
+21
🇮🇩 Poles · Indonesia
516
+25
🇨🇴 Romans · Colombia
720
-18
🇨🇴 Byzantines · Colombia
702
-17
🇨🇴 Malay · Colombia
694
-17
🇨🇴 Chinese · Colombia
684
-16
Roosevelt
1:34 Loom
4:25 Loom
11:15 Feudal Age
17:43 Double-Bit Axe
21:42 Castle Age
26:22 Wheelbarrow
26:17 Bow Saw
30:22 Caravan
33:48 Hand Cart
33:19 Town Watch
35:25 Szlachta Privileges
37:16 Bloodlines
41:43 Imperial Age
40:48 Murder Holes
41:20 Ballistics
41:48 Elite Obuch
43:34 Chemistry
43:21 Husbandry
42:41 Cavalier
cristobal.queutre.91
1:01 Loom
17:30 Feudal Age
19:43 Wheelbarrow
18:54 Town Watch
18:52 Horse Collar
19:01 Double-Bit Axe
19:10 Gold Mining
19:12 Stone Mining
23:46 Castle Age
23:40 Forging
23:36 Scale Barding Armor
23:44 Bloodlines
25:26 Hand Cart
25:12 Town Patrol
25:49 Stone Shaft Mining
25:28 Bow Saw
25:20 Heavy Plow
41:58 Imperial Age
43:19 Caravan
44:46 Chain Barding Armor
45:02 Iron Casting
43:49 Cavalier
44:09 Elite Teutonic Knight
45:14 Conscription
46:11 Two-Man Saw
45:59 Crop Rotation
46:20 Ballistics
47:01 Chemistry
47:22 Paladin
48:40 Plate Barding Armor
49:05 Blast Furnace
51:17 Crenellations
56:19 Bombard Tower
55:45 Arrowslits
55:50 Guard Tower
56:06 Siphons
56:11 Fortified Wall
55:52 Heated Shot
56:13 Clinker Construction
56:13 Careening
56:09 Siege Engineers
56:15 Masonry
56:12 Scale Mail Armor
56:13 Padded Archer Armor
56:03 Fletching
56:38 Ironclad
55:48 Sappers
56:54 Hoardings
55:53 Pikeman
56:19 Arson
56:35 Squires
56:21 Gambesons
55:57 Man-at-Arms
56:55 Guilds
57:16 Coinage
arcadia1314
10:44 Feudal Age
20:09 Castle Age
18:17 Stone Mining
18:22 Gold Mining
18:52 Double-Bit Axe
19:38 Horse Collar
22:22 Loom
22:52 Bow Saw
27:41 Gold Shaft Mining
30:28 Bloodlines
31:50 Heavy Plow
33:10 Husbandry
35:06 Scale Barding Armor
35:11 Forging
38:03 Wheelbarrow
39:56 Hand Cart
39:58 Kshatriyas
44:05 Imperial Age
42:16 Iron Casting
42:05 Treadmill Crane
43:29 Chain Barding Armor
45:09 Siege Elephant
46:25 Elite Shrivamsha Rider
46:26 Heavy Camel Rider
46:31 Light Cavalry
47:36 Conscription
47:38 Frontier Guards
48:20 Plate Barding Armor
48:53 Chemistry
47:34 Hussar
51:57 Fletching
Judaaf
4:44 Loom
13:13 Feudal Age
13:34 Horse Collar
13:43 Double-Bit Axe
20:22 Castle Age
20:48 Gold Mining
20:51 Stone Mining
21:33 Bow Saw
21:27 Heavy Plow
22:11 Gold Shaft Mining
22:14 Stone Shaft Mining
23:21 Wheelbarrow
25:26 Hand Cart
30:16 Imperial Age
28:33 Town Watch
30:41 Caravan
32:24 Conscription
32:53 Elite Ballista Elephant
33:35 Double Crossbow
36:38 Chemistry
35:45 Scale Barding Armor
35:52 Forging
36:53 Chain Barding Armor
37:09 Iron Casting
36:50 Fortified Wall
39:49 Guard Tower
40:37 Plate Barding Armor
41:02 Blast Furnace
40:35 Town Patrol
41:16 Heavy Scorpion
43:06 Crop Rotation
51:07 Scale Mail Armor
51:46 Keep
51:06 Heated Shot
giussepearteaga
14:58 Feudal Age
16:23 Double-Bit Axe
17:14 Horse Collar
25:19 Castle Age
32:04 Forging
31:49 Pikeman
32:34 Squires
32:00 Man-at-Arms
37:24 Bow Saw
46:58 Iron Casting
50:57 Imperial Age
50:07 Long Swordsman
52:51 Conscription
camilo.quija
9:29 Feudal Age
9:55 Double-Bit Axe
18:39 Castle Age
21:26 Caravan
21:38 Fletching
21:51 Padded Archer Armor
23:08 Gold Mining
23:09 Stone Mining
23:59 Horse Collar
26:58 Bodkin Arrow
27:19 Leather Archer Armor
29:14 Bow Saw
29:50 Ballistas
32:44 Scale Barding Armor
33:08 Ballistics
33:01 Masonry
32:48 Murder Holes
36:59 Imperial Age
34:19 Loom
35:56 Wheelbarrow
37:49 Hand Cart
37:17 Heavy Scorpion
40:44 Chemistry
39:51 Siege Engineers
39:59 Capped Ram
41:49 Conscription
41:57 Comitatenses
43:11 Siege Ram
47:13 Elite Centurion
jdatuestaf
16:41 Feudal Age
17:31 Gold Mining
17:29 Horse Collar
17:47 Double-Bit Axe
18:43 Wheelbarrow
24:22 Castle Age
22:43 Stone Mining
23:58 Loom
24:02 Town Watch
26:05 Bow Saw
26:53 Caravan
28:01 Heavy Plow
28:55 Pikeman
31:41 Forging
31:32 Scale Mail Armor
34:49 Town Patrol
35:06 Hand Cart
37:21 Imperial Age
38:39 Fletching
38:50 Padded Archer Armor
40:48 Great Wall
42:10 Gold Shaft Mining
42:10 Stone Shaft Mining
43:43 Two-Man Saw
43:47 Elite Chu Ko Nu
rincon9r7
14:08 Feudal Age
22:28 Castle Age
22:03 Double-Bit Axe
23:45 Horse Collar
26:01 Caravan
28:04 Wheelbarrow
31:51 Pikeman
34:01 Scale Mail Armor
34:16 Bow Saw
36:00 Gambesons
36:16 Squires
43:18 Imperial Age
42:43 Arson
43:17 Chain Mail Armor
43:12 Forging
45:03 Chemistry
46:54 Halberdier
Connection lost

Rejoining the realm…

Still unreachable

The connection could not be restored.

Session expired

The server has moved on; the page needs a fresh start.